 Dungeon Crawl Stone Soup version 0.29.1-1-gd02db6906a (webtiles) character file.

Game seed: 1696819143505844090

5 falcothegreat the Chiller (level 1, -1/9 HPs)
             Began as a Spriggan Ice Elementalist on Sept 25, 2022.
             Frozen to death by an endoplasm (4 damage)
             ... on level 2 of the Dungeon.
             The game lasted 00:10:49 (882 turns).

falcothegreat the Chiller (SpIE)                     Turns: 882, Time: 00:10:50

Health: -1/9       AC:  2    Str:  4    XL:     1   Next: 66%
Magic:  5/5        EV: 17    Int: 16    God:
Gold:   0          SH:  0    Dex: 15    Spells: 4/5 levels left

rFire   . . .      SeeInvis +   d - +0 dagger
rCold   . . .      Faith    .   (no shield)
rNeg    . . .      Spirit   .   a - +0 robe
rPois   .          Reflect  .   (helmet restricted)
rElec   .          Harm     .   (no cloak)
rCorr   .          Rampage  .   (gloves unavailable)
Will    .....                   (boots unavailable)
Stlth   ++........              (no amulet)
HPRegen 0.03/turn               (no ring)
MPRegen 0.09/turn               (no ring)

@: very quick
A: very small, no large weapons, unfitting armour, see invisible, speed 3
a: no special abilities


You were on level 2 of the Dungeon.
You visited 1 branch of the dungeon, and saw 2 of its levels.

Inventory:

Hand Weapons
 d - a +0 dagger (weapon)
Armour
 a - a +0 robe (worn)
Magical Staves
 f - a staff of earth
Jewellery
 c - a ring of resist corrosion
Scrolls
 e - a scroll of acquirement {unknown}
Potions
 b - a potion of magic


   Skills:
 + Level 2.6 Dodging
 + Level 3.1 Stealth
 + Level 0.2 Unarmed Combat
 + Level 2.6 Spellcasting
 + Level 3.4 Ice Magic


You had 4 spell levels left.
You knew the following spells:

 Your Spells              Type           Power      Damage    Failure   Level
a - Freeze                Ice            52%        1d7       4%          1

Your spell library contained the following spells:

 Spells                   Type           Power      Damage    Failure   Level
 Frozen Ramparts          Ice            26%        1d4       14%         3
 Ozocubu's Armour         Ice            13%        N/A       14%         3
 Hailstorm                Conj/Ice       7%         3d4       67%         4


Dungeon Overview and Level Annotations

Branches:
Dungeon (2/15)

Altars:


Innate Abilities, Weirdness & Mutations

You are very small and have problems with some larger weapons.
You are too small for most types of armour.
You have supernaturally acute eyesight. (SInv)
You cover ground extremely quickly. (Speed+++)


Message History

The endoplasm is severely wounded.
The endoplasm hits you.
* * * LOW HITPOINT WARNING * * *
The endoplasm jiggles.
There is a stone staircase leading down here.
You start resting.
An endoplasm is nearby!
You start resting.
An endoplasm is nearby!
There is a stone staircase leading down here.
You start resting.
An endoplasm is nearby!
An endoplasm is nearby!
There is an empty arch of ancient stone here.
You start resting.
An endoplasm is nearby!
An endoplasm is nearby!
You start resting.
An endoplasm is nearby!
You start resting.
A kobold is nearby!
The kobold throws a stone.
The stone barely misses you.
There is a stone staircase leading down here.
You climb downwards.
Found 8 gold pieces and a twisted smoking staff.
There is a stone staircase leading up here.
An endoplasm comes into view.
Found a stone staircase leading down.
You see here 8 gold pieces.
A bat comes into view.
You see here a staff of earth.
f - a staff of earth The endoplasm quivers.
The endoplasm misses you.
You hit the endoplasm.
The endoplasm is moderately wounded.
The endoplasm hits you. The endoplasm freezes you.
You are frozen.
You die...

. b.#########
..........
#......#######
#......@<....#
#.....J#.##.##
######.#...
.>##### .#.#
#.#.# # #..
#.# .#


You could see an endoplasm.

Vanquished Creatures
  A bat (D:1)
  An endoplasm (D:1)
  A quokka (D:1)
  A frilled lizard (D:1)
  A rat (D:1)
5 creatures vanquished.

Notes
Turn   | Place    | Note
-------+----------+-------------------------------------------
     0 | D:1      | falcothegreat the Spriggan Ice Elementalist began the quest
                  | for the Orb.
     0 | D:1      | Reached XP level 1. HP: 9/9 MP: 5/5
   556 | D:1      | Found a faded altar of an unknown god.
   882 | D:2      | Frozen to death by an endoplasm

Illustrated notes

Levels and vault maps discovered:
D:1:      mrwooster_arrival_statue_3, layout_loops_cross,
          hellmonk_ecumenical_altar_arch_garden, minmay_tetromino_i2
D:2:      layout_basic, uniq_robin, uniq_sigmund

Action                   || total
-------------------------++-------
Melee: Dagger            ||    26
       Unarmed           ||    24
       Punch             ||     1
Armor: Robe              ||     8
Dodge: Dodged            ||    47
